 Dungeon Crawl Stone Soup version 0.23-a0-143-g1adec7b (webtiles) character file.

217667 Gergoth the Thaumaturge (level 17, -22/128 HPs)
             Began as a Mummy Fire Elementalist on Sept 5, 2018.
             Was a High Priest of Sif Muna.
             Killed from afar by Nikola (29 damage)
             ... with a chain lightning
             ... on level 1 of the Vaults on Sept 6, 2018.
             The game lasted 02:35:20 (58017 turns).

Gergoth the Thaumaturge (Mummy Fire Elementalist)  Turns: 58017, Time: 02:35:20

Health: -22/128    AC: 27    Str: 15    XL:     17   Next: 95%
Magic:  35/35      EV: 14    Int: 24    God:    Sif Muna [*****.]
Gold:   1448       SH:  7    Dex: 15    Spells: 2/44 levels left

rFire    + . .     SeeInvis +   u - +9 spear of the Cup {pain, *Drain +Rage rF+ Str+4}
rCold    + . .     Gourm    .   z - +2 buckler {reflect}
rNeg     + + +     Faith    .   r - +11 scale mail of Disaster {*Slow Int+2 Stlth+}
rPois    ∞         Spirit   .   J - +0 hat {MR+}
rElec    .         Reflect  +   H - +1 cloak
rCorr    .         Harm     .   g - +1 pair of gloves
MR       ++++.                  y - +2 pair of boots {Stlth+}
Stlth    +++.......             i - amulet of regeneration
HPRegen  0.71/turn              d - ring of Qoax {Wiz rC+ MR+ SInv}
MPRegen  0.24/turn              G - ring of Huedau {Fire Int+3}

@: divine energy
A: no food or potions, fire vulnerability, cold resistance 1, negative energy
resistance 3, torment resistance, unbreathing, in touch with death 1
}: 2/15 runes: decaying, gossamer
a: Stop Divine Energy, Channel Magic, Forget Spell, Renounce Religion


You were on level 1 of the Vaults.
You worshipped Sif Muna.
Sif Muna was extremely pleased with you.
You were not hungry.

You visited 7 branches of the dungeon, and saw 33 of its levels.

You collected 2883 gold pieces.
You spent 1435 gold pieces at shops.

Inventory:

Hand Weapons
 p - a +2 vampiric spear
 u - the +9 spear of the Cup (weapon) {pain, *Drain +Rage rF+ Str+4}
   (You took it off a spriggan on level 9 of the Dungeon)

   In the hands of one skilled in necromantic magic, it inflicts extra damage on
   living creatures.
   It affects your strength (+4).
   It protects you from fire.
   It lets you go berserk.
   It causes draining when unequipped.
 N - a +0 lajatang
Missiles
 e - 2 throwing nets (quivered)
Armour
 g - a +1 pair of gloves (worn)
 h - a +3 troll leather armour {Snorg}
 k - a scarf of repulsion
 r - the +11 scale mail of Disaster (worn) {*Slow Int+2 Stlth+}
   (You found it on level 6 of the Dungeon)

   It affects your intelligence (+2).
   It may slow you when you take damage.
   It makes you more stealthy.
 y - a +2 pair of boots of stealth (worn)
 z - a +2 buckler of reflection (worn)
 A - a +1 helmet
 H - a +1 cloak (worn)
 J - a +0 hat of magic resistance (worn)
 T - the +2 chain mail "Ycvetiveda" {*Slow +Fly Regen+ Int+8}
   (You acquired it on level 5 of the Lair of Beasts)

   It affects your intelligence (+8).
   It lets you fly.
   It increases your rate of regeneration.
   It may slow you when you take damage.
 U - +0 fire dragon scales
Magical Staves
 O - a cursed staff of fire
Jewellery
 d - the ring of Qoax (left hand) {Wiz rC+ MR+ SInv}
   (You bought it in a shop on level 7 of the Dungeon)

   [ring of wizardry]

   It improves your spell success rate.
   It protects you from cold.
   It affects your resistance to hostile enchantments.
   It lets you see invisible.
 i - an amulet of regeneration (around neck)
 l - an uncursed ring of resist corrosion {unknown}
 q - a +3 ring of evasion
 B - an uncursed ring of flight
 G - the ring of Huedau (right hand) {Fire Int+3}
   (You bought it in a shop on level 6 of the Dungeon)

   [ring of fire]

   It enhances your fire magic.
   It affects your intelligence (+3).
   It protects you from fire.
   It makes you vulnerable to cold.
 Q - a cursed -2 ring of strength
 S - an uncursed ring of magical power
 W - an uncursed ring of wizardry
 X - a +1 ring of protection {unknown}
Wands
 a - a wand of digging (15)
 m - a wand of paralysis (41)
 n - a wand of iceblast (11)
 o - a wand of acid (18)
 w - a wand of disintegration (16)
 D - a wand of enslavement (37)
 F - a wand of polymorph (36)
Scrolls
 b - 17 scrolls of remove curse
 c - 5 scrolls of blinking
 f - 15 scrolls of teleportation
 j - 3 scrolls of fear
 s - 4 scrolls of immolation
 t - 3 scrolls of enchant weapon
 v - 4 scrolls of magic mapping
 x - 4 scrolls of fog
 K - 2 scrolls of amnesia
 L - 2 scrolls of vulnerability
 M - 2 scrolls of torment
 P - a scroll of summoning
 R - a scroll of silence
 V - a scroll of identify
Miscellaneous
 C - a phial of floods
 E - a fan of gales
 I - a lamp of fire


   Skills:
 - Level 10.0 Fighting
 + Level 7.5 Armour
 + Level 7.5 Dodging
 - Level 1.5 Stealth
 - Level 4.0 Shields
 - Level 14.0 Spellcasting
 - Level 10.1 Conjurations
 - Level 10.1 Necromancy
 - Level 14.0 Fire Magic
 - Level 6.0 Earth Magic
 + Level 5.7 Poison Magic
 - Level 10.0 Invocations


You had 2 spell levels left.
You knew the following spells:

 Your Spells              Type           Power        Failure   Level  Hunger
a - Flame Tongue          Conj/Fire      #####        1%          1    N/A
b - Conjure Flame         Conj/Fire      #######.     1%          3    N/A
c - Sticky Flame          Conj/Fire      #######.     1%          4    N/A
d - Fireball              Conj/Fire      #######...   1%          5    N/A
e - Ignition              Fire           #######...   65%         8    N/A
f - Bolt of Draining      Conj/Necr      #######...   1%          5    N/A
g - Dispel Undead         Necr           #######.     1%          5    N/A
h - Iron Shot             Conj/Erth      ######....   26%         6    N/A
i - Venom Bolt            Conj/Pois      ######....   4%          5    N/A

Your spell library contained the following spells:

 Spells                   Type           Power        Failure   Level  Hunger
 Magic Dart               Conj           ####         1%          1    N/A
 Pain                     Necr           ####         1%          1    N/A
 Shock                    Conj/Air       ####         1%          1    N/A
 Corpse Rot               Necr           N/A          1%          2    N/A
 Searing Ray              Conj           ######       1%          2    N/A
 Throw Flame              Conj/Fire      ######       1%          2    N/A
 Apportation              Tloc           ###...       4%          1    N/A
 Confusing Touch          Hex            ###...       4%          1    N/A
 Corona                   Hex            ###....      4%          1    N/A
 Summon Butterflies       Summ           ###.....     4%          1    N/A
 Slow                     Hex            ###.....     7%          2    N/A
 Dazzling Spray           Conj/Hex       #####.       1%          3    N/A
 Ignite Poison            Fire/Tmut/Pois ######..     1%          3    N/A
 Inner Flame              Hex/Fire       ######..     1%          3    N/A
 Mephitic Cloud           Conj/Pois/Air  #####...     1%          3    N/A
 Static Discharge         Conj/Air       #####...     1%          3    N/A
 Animate Dead             Necr           N/A          1%          4    N/A
 Iskenderun's Mystic Bla  Conj           ######..     1%          4    N/A
 Agony                    Necr           #######.     1%          5    N/A
 Bolt of Magma            Conj/Fire/Erth #######...   2%          5    N/A
 Bolt of Fire             Conj/Fire      #######...   5%          6    N/A
 Force Lance              Conj/Tloc      #####...     6%          4    N/A
 Fulminant Prism          Conj/Hex       #####.....   6%          4    N/A
 Leda's Liquefaction      Hex/Erth       ####......   13%         4    N/A
 Petrify                  Tmut/Erth      ####....     13%         4    N/A
 Confuse                  Hex            ###.....     14%         3    N/A
 Gell's Gravitas          Tloc           ###.......   14%         3    N/A
 Lesser Beckoning         Tloc           ###.......   14%         3    N/A
 Portal Projectile        Hex/Tloc       ###...       14%         3    N/A
 Recall                   Summ/Tloc      N/A          14%         3    N/A
 Teleport Other           Tloc           ###.....     14%         3    N/A
 Tukima's Dance           Hex            ###.....     14%         3    N/A
 Excruciating Wounds      Chrm/Necr      ######....   16%         5    N/A
 Irradiate                Conj/Tmut      #####.....   16%         5    N/A
 Iskenderun's Battlesphe  Conj/Chrm      #####...     16%         5    N/A
 Lightning Bolt           Conj/Air       #####.....   16%         5    N/A
 Alistair's Intoxication  Tmut/Pois      ####....     36%         5    N/A
 Cause Fear               Hex            ###.......   41%         4    N/A
 Passage of Golubria      Tloc           N/A          41%         4    N/A
 Summon Lightning Spire   Summ/Air       ###.....     41%         4    N/A
 Orb of Destruction       Conj           ######....   50%         7    N/A
 Bolt of Cold             Conj/Ice       #####.....   63%         6    N/A
 Conjure Ball Lightning   Conj/Air       #####.....   63%         6    N/A
 Simulacrum               Ice/Necr       ######....   63%         6    N/A
 Aura of Abjuration       Summ           ###.......   75%         5    N/A
 Metabolic Englaciation   Hex/Ice        ###.......   75%         5    N/A
 Silence                  Hex/Air        ###.......   75%         5    N/A
 Summon Demon             Summ           ###.......   75%         5    N/A
 Summon Forest            Summ/Tloc      ###.......   75%         5    N/A
 Summon Mana Viper        Hex/Summ       ###.....     75%         5    N/A
 Yara's Violent Unravell  Hex/Tmut       ###.......   75%         5    N/A
 Freezing Cloud           Conj/Ice/Air   ####......   85%         6    N/A
 Deflect Missiles         Chrm/Air       ###.......   99%         6    N/A
 Invisibility             Hex            ###.....     99%         6    N/A
 Ozocubu's Refrigeration  Ice            ###.......   99%         6    N/A
 Shadow Creatures         Summ           N/A          99%         6    N/A
 Spellforged Servitor     Conj/Summ      #####.....   99%         7    N/A
 Fire Storm               Conj/Fire      #######...   100%        9    N/A
 Tornado                  Air            ###.......   100%        9    N/A
 Sublimation of Blood     Necr           Unusable     N/A         2    N/A
 Ice Form                 Ice/Tmut       Unusable     N/A         4    N/A

Dungeon Overview and Level Annotations

Branches:
Dungeon (15/15)            Temple (1/1) D:4            Lair (6/6) D:10
  Swamp (4/4) Lair:2       Spider (4/4) Lair:4        Slime (0/5) Lair:5
    Orc (2/2) D:9             Elf (0/3) Orc:2        Vaults (1/5) D:13
 Depths: D:15

Altars:
Ashenzari
Cheibriados
Dithmenos
Elyvilon
Gozag
Hepliaklqana
Kikubaaqudgha
Makhleb
Qazlal
Ru
Sif Muna
Trog
Vehumet
Wu Jian
Xom
Yredelemnul
Zin
The Shining One

Shops:
D:5 (?   D:6 ?*:(=   D:7 =   D:14 (   Orc:2 *%?[

Annotations:
D:3 Ijyb
D:15 Kirke
Spider:2 1 runed door, Zuproetha's ghost, adept DsWn
Spider:4 exclusion: Roxanne, Roxanne
Vaults:1 Nikola


Innate Abilities, Weirdness & Mutations

You do not eat or drink.
Your flesh is vulnerable to fire.
You are immune to poison.
Your flesh is cold resistant. (rC+)
You are immune to negative energy. (rN+++)
You are immune to unholy pain and torment.
You can survive without breathing.
You are in touch with the powers of death.


Message History

Nikola the Mad Inventor comes into view.
He is wielding a rapier of Nikola is nearby!
Nikola shouts!
Nikola casts a spell.
You hear a mighty clap of thunder!
The lightning arc hits you!
The lightning arc hits Nikola.
The lightning arc hits you!
The lightning arc hits Nikola.
The lightning arc hits you!
The lightning arc hits Nikola.
You hear a shout! x3
Okay, then.
As you read the scroll of fog, it crumbles to dust.
The scroll dissolves into smoke.
Nikola gestures wildly while chanting.
You hear a mighty clap of thunder!
The lightning arc hits you!
* * * LOW HITPOINT WARNING * * *
The lightning arc hits Nikola.
The lightning arc hits you!
* * * LOW HITPOINT WARNING * * *
The lightning arc hits Nikola.
The lightning arc hits you!
You die...

.# .# #..........#
'#########
#..@.......#
.........#
#..........#
########.#
#..........#
.......#.#
#..........#
.#####.#.#
#..........#
.#...#.#.#
#...§§§....#
.#...#.#.#
#..§§@§....#
.#.(.).#.#
#..§§§§....#
.#####)#.#
#...§......#
.......'.#
#..).......#
########.#
#####'######
.!.......# #......#
#'##'########....##
.......# #.###..##
.......# #..###'#


You could see Nikola.

Vanquished Creatures
  Arachne (Spider:3)
  Rupert (Lair:6)
  Gastronok (Orc:1)
  A thorn hunter (Swamp:3)
  5 ghost moths
  Louise (Spider:2)
  7 emperor scorpions
  2 ironheart preservers (Vaults:1)
  2 entropy weavers
  A spark wasp (Spider:4)
  Snorg (Lair:3)
  2 ettins
  Josephine (D:12)
  2 fire dragons
  Fannar (Lair:3)
  2 ghost crabs
  20 hydras
  A catoblepas (Lair:5)
  4 centaur warriors
  4 two-headed ogres
  16 alligators
  An ogre mage (Vaults:1)
  The ghost of MothsLongingForFire the Severer, a novice HOAK of Lugonu (D:9)
  Urug (Lair:4)
  6 orc high priests (Orc:2)
  A tengu warrior (D:14)
  Sonja (D:12)
  9 spriggans
  A fire crab (Lair:6)
  6 unseen horrors
  2 spriggan druids
  10 swamp dragons
  3 lindwurms (Swamp:4)
  2 ironbrand convokers (Vaults:1)
  4 shambling mangroves
  A necromancer (D:13)
  17 wolf spiders
  9 orc knights
  A wolf spider zombie (D:13)
  An oklob plant (Lair:6)
  15 orb spiders
  An orc sorcerer (Orc:2)
  2 deep elf magi
  4 cyclopes
  13 ugly things
  5 centaur zombies
  11 elephants
  2 moths of wrath (Spider:4)
  2 vault sentinels (Vaults:1)
  Maurice (D:12)
  9 black mambas
  15 spiny frogs
  2 molten gargoyles (Lair:6)
  5 gargoyles
  A torpor snail (Lair:3)
  A rime drake (Lair:4)
  10 komodo dragons
  12 demonic crawlers
  23 jumping spiders
  2 tengu conjurers (D:14)
  A jumping spider (shapeshifter) (D:14)
  2 polar bears
  3 trolls
  22 hornets
  A meliai (D:14)
  13 tyrant leeches
  17 slime creatures
  6 bog bodies
  A dream sheep (Lair:5)
  13 blink frogs
  7 hippogriffs
  A meliai zombie (D:14)
  Sigmund (D:2)
  52 redbacks
  32 yaks
  8 wraiths
  5 wyverns
  5 basilisks
  2 shadows
  A vampire (D:13)
  16 tarantellas
  A yak (shapeshifter) (D:14)
  2 steam dragons (Lair:6)
  A hungry ghost (D:7)
  2 wargs (Orc:2)
  11 vampire mosquitoes
  2 acid dragons (Vaults:1)
  5 hell hounds
  13 water moccasins
  A soldier ant (D:9)
  17 swamp worms
  12 porcupines
  7 swamp drakes
  40 orc warriors
  2 sky beasts
  3 black bears
  17 ogres
  4 ice beasts
  A phantom (D:7)
  An eye of draining (D:9)
  5 boggarts
  2 wolves (Lair:4)
  11 centaurs
  20 crocodiles
  5 big kobolds
  2 gnoll sergeants
  15 bullfrogs
  A water moccasin zombie (D:5)
  2 wyvern skeletons
  A scorpion (D:11)
  25 killer bees
  4 wights (D:11)
  2 electric eels
  9 howler monkeys
  5 lava snakes (Lair:6)
  A bullfrog zombie (D:9)
  7 crimson imps
  35 orc priests
  14 jellies
  Crazy Yiuf (D:2)
  6 hounds
  4 bullfrog skeletons
  6 centaur skeletons
  4 iguanas
  23 orc wizards
  6 worker ants
  A worker ant zombie (D:8)
  16 gnolls
  A howler monkey skeleton (D:9)
  8 adders
  4 shadow imps
  13 oozes (Lair:3)
  An adder skeleton (D:8)
  4 worms (D:3)
  2 dart slugs
  4 leopard geckos
  110 orcs
  A ball python (D:4)
  2 giant cockroaches (D:5)
  6 goblins
  9 hobgoblins
  7 jackals
  5 quokkas
  5 bats
  8 frilled lizards
  2 gnoll zombies (D:2)
  A jackal skeleton (D:5)
  35 kobolds
  A leopard gecko zombie (D:8)
  2 quokka skeletons
  5 rats
  A butterfly (Lair:2)
  3 plants
1113 creatures vanquished.

Vanquished Creatures (others)
  A cyclops (Vaults:1)
  A spriggan (Swamp:1)
  An orc warrior (Orc:2)
  A centaur (D:12)
  11 fungi
  10 plants
25 creatures vanquished.

Grand Total: 1138 creatures vanquished

Notes
Turn   | Place    | Note
-------+----------+-------------------------------------------
     0 | D:1      | Gergoth the Mummy Fire Elementalist began the quest for the
                  | Orb.
     0 | D:1      | Reached XP level 1. HP: 13/13 MP: 4/4
   250 | D:1      | Reached skill level 1 in Conjurations
   387 | D:1      | Reached XP level 2. HP: 19/19 MP: 0/6
  1053 | D:2      | Found a runed door.
  1092 | D:2      | Noticed Sigmund
  1554 | D:2      | Reached XP level 3. HP: 22/24 MP: 7/7
  1594 | D:2      | Found a glowing silver altar of Zin.
  2607 | D:3      | Reached XP level 4. HP: 18/30 MP: 2/10
  3066 | D:3      | Learned a level 3 spell: Conjure Flame
  3071 | D:3      | Learned a level 4 spell: Sticky Flame
  3337 | D:3      | Reached XP level 5. HP: 22/35 MP: 2/11
  3487 | D:3      | Noticed Ijyb
  3703 | D:2      | Killed Sigmund
  3703 | D:2      | Reached skill level 5 in Spellcasting
  3703 | D:2      | Reached XP level 6. HP: 15/41 MP: 0/13
  4041 | D:2      | Found a basalt altar of Yredelemnul.
  4158 | D:2      | Noticed Crazy Yiuf
  4165 | D:2      | Killed Crazy Yiuf
  5229 | D:4      | Found a staircase to the Ecumenical Temple.
  5315 | Temple   | Entered the Ecumenical Temple
  5328 | Temple   | Became a worshipper of Sif Muna the Loreminder
  5370 | D:5      | Entered Level 5 of the Dungeon
  5370 | D:5      | Found Akaqaq's Magic Scroll Boutique.
  5376 | D:5      | Bought a scroll of teleportation for 36 gold pieces
  5376 | D:5      | Bought a scroll of identify for 24 gold pieces
  5376 | D:5      | Bought a scroll of random uselessness for 12 gold pieces
  5410 | D:5      | Reached XP level 7. HP: 41/46 MP: 10/15
  5538 | D:5      | Found Mevvej's Weapon Shop.
  5548 | D:5      | Found an ancient bone altar of Kikubaaqudgha.
  6030 | D:5      | Found a hazy altar of Hepliaklqana.
  6030 | D:5      | Found a snail-covered altar of Cheibriados.
  6780 | D:6      | Reached * piety under Sif Muna
  6944 | D:6      | Reached skill level 5 in Fire Magic
  6951 | D:6      | Reached XP level 8. HP: 42/52 MP: 14/18
  7188 | D:6      | Found Xuytyiph's Magic Scroll Emporium.
  7319 | D:6      | Found Queheij's Weapon Boutique.
  7348 | D:6      | Found Varoejuk's Jewellery Shoppe.
  7351 | D:6      | Got an ichor-stained scale mail
  7357 | D:6      | Identified the +11 scale mail of Disaster {*Slow Int+2
                  | Stlth+} (You found it on level 6 of the Dungeon)
  7509 | D:6      | Found a shattered altar of Ashenzari.
  7531 | D:6      | Found Oroawa's Book Shoppe.
  7556 | D:6      | Found Igeclit's General Store.
  7647 | D:6      | Found a glowing silver altar of Zin.
  7979 | D:7      | Reached skill level 5 in Conjurations
  8162 | D:7      | Reached ** piety under Sif Muna
  8840 | D:7      | Found Zeoxymeisen's Jewellery Shoppe.
  8999 | D:7      | Reached XP level 9. HP: 57/57 MP: 13/21
  9298 | D:7      | Found a shadowy altar of Dithmenos.
  9327 | D:7      | Reached *** piety under Sif Muna
  9366 | D:7      | Learned a level 5 spell: Fireball
 10560 | D:9      | Reached **** piety under Sif Muna
 10654 | D:9      | Found a runed door.
 10655 | D:9      | Noticed MothsLongingForFire's ghost (novice HOAK)
 10758 | D:9      | Reached skill level 10 in Spellcasting
 11190 | D:9      | Reached XP level 10. HP: 63/63 MP: 13/24
 11484 | D:9      | Found a staircase to the Orcish Mines.
 11589 | D:10     | Entered Level 10 of the Dungeon
 11709 | D:9      | Identified a scroll of acquirement
 11961 | D:10     | Reached skill level 1 in Shields
 11972 | D:10     | Found a staircase to the Lair.
 12206 | D:10     | Noticed an unseen horror
 12211 | D:10     | Killed an unseen horror
 12211 | D:10     | Reached ***** piety under Sif Muna
 12224 | D:10     | Noticed a two-headed ogre
 12234 | D:10     | Noticed an unseen horror
 12244 | D:10     | Killed an unseen horror
 12244 | D:10     | Identified Sif Muna's Collected Works on Scorching Combat
                  | Magic (Sif Muna gifted it to you on level 10 of the
                  | Dungeon)
 12244 | D:10     | Received a gift from Sif Muna
 12408 | D:10     | Killed a two-headed ogre
 13086 | D:6      | Bought the ring of Huedau {Fire Int+3} for 574 gold pieces
 13167 | Orc:1    | Entered Level 1 of the Orcish Mines
 13287 | Orc:1    | Noticed Gastronok
 13522 | Lair:1   | Entered Level 1 of the Lair of Beasts
 13586 | Lair:1   | Reached XP level 11. HP: 68/68 MP: 17/25
 14826 | Lair:1   | Reached skill level 1 in Fighting
 15704 | Lair:2   | Found a staircase to the Swamp.
 15778 | Lair:2   | Reached skill level 10 in Fire Magic
 16184 | Lair:2   | Reached skill level 5 in Fighting
 16289 | Lair:2   | Reached XP level 12. HP: 63/86 MP: 15/26
 16832 | Lair:3   | Noticed Fannar
 16837 | Lair:3   | Killed Fannar
 16837 | Lair:3   | Reached skill level 10 in Conjurations
 16979 | Lair:2   | Learned a level 8 spell: Ignition
 17159 | Lair:3   | Received a gift from Sif Muna
 17680 | Lair:3   | Noticed a five-headed hydra
 17722 | Lair:3   | Learned a level 5 spell: Bolt of Draining
 17728 | Lair:3   | Learned a level 5 spell: Agony
 17728 | Lair:3   | Noticed Snorg
 17735 | Lair:3   | Killed Snorg
 17735 | Lair:3   | Reached skill level 1 in Necromancy
 17928 | Lair:3   | Reached skill level 1 in Armour
 18271 | Lair:3   | Killed a five-headed hydra
 20091 | Lair:4   | Found a hole to the Spider Nest.
 20496 | Lair:5   | Noticed a catoblepas
 20517 | Lair:5   | Noticed Urug
 20546 | Lair:5   | Noticed Rupert
 20571 | Lair:4   | Killed Urug
 20719 | Lair:5   | Reached skill level 5 in Necromancy
 20855 | Lair:4   | Gained mutation: You are in touch with the powers of death.
                  | [Mummy growth]
 20855 | Lair:4   | Reached XP level 13. HP: 98/98 MP: 1/27
 21375 | Orc:1    | Killed Gastronok
 21739 | Orc:1    | Noticed an ettin
 21760 | Orc:1    | Killed an ettin
 22053 | Orc:2    | Entered Level 2 of the Orcish Mines
 22427 | Orc:2    | Identified Sif Muna's Further Progress in Hermeneutics (Sif
                  | Muna gifted it to you on level 2 of the Orcish Mines)
 22427 | Orc:2    | Received a gift from Sif Muna
 23081 | Orc:2    | Noticed an ettin
 23085 | Orc:2    | Killed an ettin
 23771 | Orc:2    | Reached skill level 10 in Necromancy
 24041 | Orc:2    | Reached skill level 1 in Invocations
 25086 | Orc:2    | Found a staircase to the Elven Halls.
 25187 | Orc:2    | Found Omirij's Antique Armour Shoppe.
 25187 | Orc:2    | Found Equs's Assorted Antiques.
 25188 | Orc:2    | Found Valyn's Magic Scroll Emporium.
 25188 | Orc:2    | Found Noxoutz's Food Shoppe.
 26328 | Lair:5   | Found a staircase to the Slime Pits.
 26516 | Lair:6   | Entered Level 6 of the Lair of Beasts
 26516 | Lair:6   | Found a shimmering altar of Xom.
 26709 | Lair:6   | Reached XP level 14. HP: 105/105 MP: 12/29
 27091 | D:7      | Bought the ring of Qoax {Wiz rC+ MR+ SInv} for 699 gold
                  | pieces
 28510 | D:12     | Noticed Maurice
 28950 | D:12     | Killed Maurice
 29090 | D:12     | Noticed Josephine
 29094 | D:12     | Killed Josephine
 29100 | D:12     | Identified Sif Muna's Disquisition on Confrontation (Sif
                  | Muna gifted it to you on level 12 of the Dungeon)
 29100 | D:12     | Received a gift from Sif Muna
 29639 | D:12     | Noticed Sonja
 29641 | D:12     | Killed Sonja
 30002 | D:13     | Reached skill level 5 in Invocations
 31089 | D:13     | Learned a level 5 spell: Dispel Undead
 31418 | D:13     | Found a gate to the Vaults.
 33015 | D:14     | Reached XP level 15. HP: 107/110 MP: 7/32
 33294 | D:14     | Found Xoaz Jet's Antique Weapon Shoppe.
 33469 | D:15     | Entered Level 15 of the Dungeon
 33470 | D:15     | Noticed Kirke
 33786 | D:5      | Bought a scroll of enchant armour for 90 gold pieces
 33966 | Swamp:1  | Entered Level 1 of the Swamp
 34155 | Swamp:1  | Identified Sif Muna's Catalogue of Lethal Stolen Souls (Sif
                  | Muna gifted it to you on level 1 of the Swamp)
 34155 | Swamp:1  | Received a gift from Sif Muna
 39099 | Swamp:3  | Noticed a thorn hunter
 39211 | Swamp:3  | Killed a thorn hunter
 39477 | Swamp:3  | Got an ancient leather armour
 39479 | Swamp:3  | Identified the cursed +1 leather armour "Ciuhulorr" {rF+
                  | rCorr Int+2} (You found it on level 3 of the Swamp)
 39817 | Swamp:4  | Entered Level 4 of the Swamp
 40776 | Swamp:4  | Reached skill level 10 in Invocations
 40959 | Swamp:4  | Reached XP level 16. HP: 82/117 MP: 20/34
 41044 | Swamp:3  | Received a gift from Sif Muna
 42506 | Swamp:4  | Identified Fasicli's Catalogue of Quantum Hexes
 42807 | Swamp:4  | Got a decaying rune of Zot
 42997 | Lair:2   | Learned a level 5 spell: Venom Bolt
 43061 | Spider:1 | Entered Level 1 of the Spider Nest
 44000 | Spider:1 | Reached skill level 1 in Poison Magic
 45746 | Spider:2 | Found a runed door.
 45754 | Spider:2 | Found a shimmering altar of Xom.
 45754 | Spider:2 | Noticed Zuproetha's ghost (adept DsWn)
 45789 | Spider:2 | Reached skill level 5 in Armour
 45796 | Spider:2 | Reached skill level 5 in Dodging
 46139 | D:9      | Killed MothsLongingForFire's ghost
 46143 | D:9      | Got a pitted spear {pain}
 46151 | D:9      | Got a faintly glowing leather armour
 46170 | D:9      | Identified the +9 spear of the Cup {pain, *Drain +Rage rF+
                  | Str+4} (You took it off a spriggan on level 9 of the
                  | Dungeon)
 46171 | D:9      | Identified the cursed +0 leather armour "Epseudd" {Slay+2}
                  | (You found it on level 9 of the Dungeon)
 46408 | Spider:2 | Noticed Louise
 46414 | Spider:2 | Killed Louise
 47651 | Spider:2 | Identified Sif Muna's Incunabulum of Feathery Malediction
                  | (Sif Muna gifted it to you on level 2 of the Spider Nest)
 47651 | Spider:2 | Received a gift from Sif Muna
 48537 | Spider:3 | Noticed Arachne
 48541 | Spider:3 | Killed Arachne
 48990 | Spider:4 | Entered Level 4 of the Spider Nest
 48990 | Spider:4 | Noticed Roxanne
 49590 | Spider:4 | Reached XP level 17. HP: 97/126 MP: 12/35
 51229 | Spider:4 | Reached skill level 10 in Fighting
 52478 | Spider:3 | Reached skill level 5 in Poison Magic
 52799 | Spider:4 | Got a gossamer rune of Zot
 53220 | Lair:5   | Noticed Nessos
 53221 | Lair:5   | Noticed Nessos
 53221 | Lair:5   | Nessos changed into Nessos the dream sheep
 53223 | Lair:5   | Killed Nessos the dream sheep
 53337 | Lair:5   | Got a pitted chain mail
 53340 | Lair:5   | Identified the +2 chain mail "Ycvetiveda" {*Slow +Fly
                  | Regen+ Int+8} (You acquired it on level 5 of the Lair of
                  | Beasts)
 53498 | Lair:5   | Learned a level 6 spell: Iron Shot
 53718 | Lair:6   | Found a sacrificial altar of Ru.
 53917 | Lair:6   | Reached skill level 1 in Earth Magic
 54719 | Lair:6   | Found a large runed door.
 55465 | Lair:6   | Killed Rupert
 55465 | Lair:6   | Received a gift from Sif Muna
 55784 | Lair:6   | Found a large runed door.
 56103 | Vaults:1 | Entered Level 1 of the Vaults
 56456 | Vaults:1 | Reached skill level 5 in Earth Magic
 58015 | Vaults:1 | Noticed Nikola
 58017 | Vaults:1 | Killed from afar by Nikola

Vault maps used:
D:1:      tarquinn_simple_flora_water_f, kennysheep_another_room, minivault_11,
          minivault_19
D:2:      overflow_temple_1_default, lemuel_zombie_altar_yredelemnul,
          first_ration, minmay_hedge_maze, uniq_sigmund, uniq_crazy_yiuf_cottage
D:3:      minmay_door_path, glass_columns_c, uniq_ijyb
D:4:      temple_hall_moat
D:5:      nicolae_overflow_crystal_walls,
          chequers_temple_overflow_statue_of_worship, serial_shops, shop,
          nicolae_shop_behind_doors
D:6:      nicolae_overflow_hidden_temple, ashenzari_conservatory_becter,
          serial_shops, nicolae_shop_statue_plus, shop, kennysheep_mini,
          nicolae_shop_temple_entry_statues_fountains,
          nicolae_shop_behind_doors, basic_altar
D:7:      grunt_dithmenos_shadows, serial_shops, nicolae_shop_behind_doors
D:9:      hiddenorc1_lemuel, ebering_ghost_funeral_grove, blue_anna_alchemist
D:10:     dpeg_oklobed_lair, grunt_ministairs_1
D:12:     uniq_maurice, uniq_sonja, uniq_josephine
D:13:     david_vaults_4, serial_park_tiny_1, grunt_decor_arrowhead
D:14:     minmay_four_partial_circles, serial_shops, kennysheep_little_box,
          minivault_12
D:15:     gammafunk_enter_depths_forms, minivault_24, uniq_kirke, uniq_azrael
Temple:   eino_temple_lava
Lair:2:   minmay_swamp_entry_reptiles, serial_forest, infiniplex_forest_split,
          infiniplex_forest_lined_3, infiniplex_forest_end_2,
          infiniplex_forest_end_1, infiniplex_forest_lined_2,
          infiniplex_forest_lined_3, infiniplex_forest_lined_room_,
          lemuel_fruit_tree, lemuel_fruit_fields
Lair:3:   lemuel_slime, grunt_megastairs_2, uniq_fannar, uniq_snorg
Lair:4:   spider_nest_entry_rubble, kilobyte_rumbling_trees,
          infiniplex_staircase_pool_2
Lair:5:   slime_dummy, lookout_lair_type, infiniplex_staircase_pool,
          uniq_rupert, uniq_nessos, uniq_urug
Lair:6:   cheibrodos_lair_end_hotspot, basic_altar, lemuel_oklob_altar
Swamp:1:  evilmike_swamp_ruin_house_5
Swamp:2:  hangedman_swamp_lotus
Swamp:3:  nicolae_swamp_orc_logging_accident
Swamp:4:  swamp_alternative, lightli_tree_ring
Spider:1: uniq_louise
Spider:2: ebering_ghost_xom
Spider:3: nicolae_spider_cling_halls, uniq_arachne
Spider:4: grunt_spider_rune_circles, hangedman_spider_tarantella_strand,
          uniq_roxanne
Orc:1:    serial_shops, nicolae_shop_waterfront, uniq_gastronok
Orc:2:    st_orc_pillars, abandoned_shop
Vaults:1: grunt_vaults_focal, v_misc_11, v_alt_pattern_5,
          nicolae_vaults_network_quinsquares, hangedman_vaults_pinch, v_misc_12,
          hangedman_vaults_corner, v_misc_22, v_alt_pattern_1, vaults_dpeg_ring,
          uniq_nikola

Skill      XL: |  1  2  3  4  5  6  7  8  9 10 11 12 13 14 15 16 17 |
---------------+----------------------------------------------------+-----
Conjurations   | 1 2 3 4 5 7 8 9 10 | 10.1
Spellcasting   | 3 4 5 6 8 10 11 13 14 | 14.0
Fire Magic     | 3 4 5 6 7 8 10 11 13 14 | 14.0
Shields        | 3 4 |  4.0
Fighting       | 5 8 9 10 | 10.0
Necromancy     | 5 10 | 10.1
Dodging        | 4 6 7 |  7.5
Armour         | 4 6 7 |  7.5
Invocations    | 3 7 10 | 10.0
Poison Magic   | 3 5 |  5.7
Earth Magic    | 6 |  6.0
Stealth        | |  1.5

Action                   |  1- 3 |  4- 6 |  7- 9 | 10-12 | 13-15 | 16-18 || total
-------------------------+-------+-------+-------+-------+-------+-------++-------
Melee: Unarmed           |     3 |       |       |       |       |       ||     3
       Spear             |    23 |    39 |       |   314 |   854 |   287 ||  1517
       Quarterstaff      |       |    11 |   240 |    14 |       |       ||   265
 Cast: Flame Tongue      |    85 |    73 |   157 |    75 |   159 |    10 ||   559
       Conjure Flame     |       |     4 |     6 |     3 |     3 |       ||    16
       Sticky Flame      |       |     1 |    46 |   166 |   149 |    76 ||   438
       Fireball          |       |       |       |    60 |   289 |   102 ||   451
       Agony             |       |       |       |     4 |    16 |    15 ||    35
       Bolt of Draining  |       |       |       |       |   100 |   153 ||   253
       Dispel Undead     |       |       |       |       |    15 |     3 ||    18
       Venom Bolt        |       |       |       |       |       |   179 ||   179
       Iron Shot         |       |       |       |       |       |     4 ||     4
Invok: Divine Energy     |       |       |     1 |       |       |       ||     1
       Channel Magic     |       |       |       |       |     3 |       ||     3
Evoke: Wand              |       |       |       |       |     3 |     6 ||     9
       Phial of floods   |       |       |       |       |       |     1 ||     1
  Use: Scroll            |       |     9 |     1 |    16 |    13 |    10 ||    49
 Stab: Sleeping          |     1 |     4 |       |     3 |     3 |     1 ||    12
       Paralysed         |       |       |     3 |       |       |       ||     3
       Distracted        |       |       |     1 |     2 |     2 |     1 ||     6
Armor: Robe              |    13 |     6 |    72 |   111 |       |       ||   202
       Troll leather arm |       |       |       |    42 |   329 |       ||   371
       Scale mail        |       |       |       |       |   108 |   557 ||   665
Dodge: Dodged            |    36 |    43 |   291 |   294 |   625 |   427 ||  1716
Block: Buckler           |       |       |       |   157 |   381 |   252 ||   790
       Reflection        |       |       |       |     4 |    22 |     3 ||    29

Table legend:
 A = Non-vault XP
 B = Vault XP
 C = Vault XP percentage of total XP
 D = Non-vault monster count
 E = Vault monster count
 F = Vault count percentage of total count
                 A         B        C        D         E       F
            +---------+---------+-------+---------+---------+-------
      Total |  184007 |  102661 |  35.8 |     826 |     287 |  25.8
            +---------+---------+-------+---------+---------+-------
        D:1 |      27 |       0 |   0.0 |      18 |       0 |   0.0
        D:2 |      39 |     274 |  87.5 |      16 |       4 |  20.0
        D:3 |     142 |      15 |   9.6 |      34 |       1 |   2.9
        D:4 |     242 |       0 |   0.0 |      10 |       0 |   0.0
        D:5 |     735 |       0 |   0.0 |      30 |       0 |   0.0
        D:6 |     436 |       0 |   0.0 |      11 |       0 |   0.0
        D:7 |    1726 |     124 |   6.7 |      46 |       1 |   2.1
        D:8 |     615 |       0 |   0.0 |      23 |       0 |   0.0
        D:9 |    2174 |    2179 |  50.1 |      30 |      24 |  44.4
       D:10 |    3946 |      52 |   1.3 |      24 |       5 |  17.2
       D:11 |    3284 |     414 |  11.2 |      20 |       2 |   9.1
       D:12 |    5775 |    2560 |  30.7 |      43 |       4 |   8.5
       D:13 |    7240 |    2198 |  23.3 |      39 |       3 |   7.1
       D:14 |   12040 |    4960 |  29.2 |      38 |      15 |  28.3
       D:15 |     415 |       0 |   0.0 |       1 |       0 |   0.0
     Lair:1 |    3954 |       0 |   0.0 |      16 |       0 |   0.0
     Lair:2 |   10264 |     755 |   6.9 |      42 |       6 |  12.5
     Lair:3 |    4454 |    3200 |  41.8 |      17 |      26 |  60.5
     Lair:4 |    5568 |    2186 |  28.2 |      23 |       9 |  28.1
     Lair:5 |    4824 |    1748 |  26.6 |      19 |       4 |  17.4
     Lair:6 |    3621 |   14445 |  80.0 |      12 |      31 |  72.1
    Swamp:1 |   10765 |       0 |   0.0 |      28 |       0 |   0.0
    Swamp:2 |    5646 |       0 |   0.0 |      19 |       0 |   0.0
    Swamp:3 |   18772 |    1708 |   8.3 |      32 |       2 |   5.9
    Swamp:4 |   16270 |   14992 |  48.0 |      34 |      22 |  39.3
   Spider:1 |    5991 |       0 |   0.0 |      14 |       0 |   0.0
   Spider:2 |   15384 |    1639 |   9.6 |      37 |       1 |   2.6
   Spider:3 |    9440 |    9190 |  49.3 |      25 |       6 |  19.4
   Spider:4 |   12787 |   19234 |  60.1 |      34 |      38 |  52.8
      Orc:1 |    2216 |    3422 |  60.7 |      24 |       3 |  11.1
      Orc:2 |    5299 |   10149 |  65.7 |      45 |      64 |  58.7
   Vaults:1 |    9916 |    7217 |  42.1 |      22 |      16 |  42.1
            +---------+---------+-------+---------+---------+-------
